 Dungeon Crawl Stone Soup version 0.28-a0-519-gbfeecf2fc5 (webtiles) character file.

Game seed: 9408495283483422789

637 robertstho the Ruffian (level 7, -6/67 HPs)
             Began as a Troll Delver on Sept 23, 2021.
             Was an Initiate of Gozag.
             Killed by nerve-wracking pain
             ... invoked by Menkaure
              (13 damage)
             ... on level 4 of the Dungeon.
             The game lasted 00:05:32 (2779 turns).

robertstho the Ruffian (Troll Delver)               Turns: 2779, Time: 00:05:34

Health: -6/67      AC:  4    Str: 23    XL:     7   Next: 25%
Magic:  6/6        EV: 10    Int:  6    God:    Gozag
Gold:   204        SH:  0    Dex: 11    Spells: 6/6 levels left

rFire   . . .      SeeInvis .     - Unarmed
rCold   . . .      Faith    .   (no shield)
rNeg    . . .      Spirit   .   a - +0 robe
rPois   .          Reflect  .   (helmet restricted)
rElec   .          Harm     .   (no cloak)
rCorr   .          Rampage  .   (gloves unavailable)
Will    .....                   (boots unavailable)
Stlth   ++........              (no amulet)
HPRegen 1.21/turn               (no ring)
MPRegen 0.10/turn               (no ring)

@: mighty
A: large, unfitting armour, claws 3, regeneration 1, shaggy fur 1, tough skin 1
a: Renounce Religion, Potion Petition, Call Merchant, Bribe Branch


You were on level 4 of the Dungeon.
You worshipped Gozag.
Gozag was aware of your devotion.
You visited 1 branch of the dungeon, and saw 5 of its levels.

You collected 288 gold pieces.
You paid 84 gold pieces to Gozag.

Inventory:

Armour
 a - a +0 robe (worn)
Wands
 f - a wand of digging (3)
Scrolls
 b - a scroll of fog
 c - 2 scrolls of magic mapping
 d - 2 scrolls of fear
 e - 2 scrolls of immolation
 i - a scroll of identify {unknown}
 j - 2 scrolls of teleportation
Potions
 k - a potion of magic {unknown}


   Skills:
 * Level 3.5 Fighting
 * Level 2.5 Armour
 + Level 2.5 Dodging
 + Level 3.7 Stealth
 + Level 4.5 Unarmed Combat


You had 6 spell levels left.
You didn't know any spells.
Your spell library contained the following spells:

 Spells                   Type           Power      Damage    Failure   Level
 Freeze                   Ice            0%         1d3       45%         1
 Ensorcelled Hibernation  Hex/Ice        0%         N/A       58%         2
 Passwall                 Tmut/Erth      0%         N/A       58%         2
 Slow                     Hex            0%         N/A       58%         2
 Call Canine Familiar     Summ           0%         N/A       83%         3
 Confusing Touch          Hex            0%         N/A       83%         3
 Dazzling Flash           Conj/Hex       0%         N/A       83%         3
 Frozen Ramparts          Ice            0%         1d2       83%         3
 Portal Projectile        Hex/Tloc       0%         N/A       83%         3
 Spider Form              Tmut/Pois      0%         N/A       83%         3
 Swiftness                Air            0%         N/A       83%         3
 Hailstorm                Conj/Ice       0%         3d3       99%         4
 Iskenderun's Mystic Bla  Conj/Tloc      0%         2d3       99%         4
 Leda's Liquefaction      Hex/Erth       0%         N/A       99%         4
 Yara's Violent Unravell  Hex/Tmut       0%         3d3       100%        5
 Invisibility             Hex            0%         N/A       100%        6
 Starburst                Conj/Fire      0%         6d3       100%        6


Dungeon Overview and Level Annotations

Branches:
Dungeon (5/15)
 Temple: D:4-7

Altars:
Fedhas
Gozag
Sif Muna

Annotations:
D:4 Menkaure


Innate Abilities, Weirdness & Mutations

You are too large for most types of armour.
You have claws for hands.
Your natural rate of healing is unusually fast.
You are covered in fur. (AC +1)
You have tough skin. (AC +1)


Message History

Menkaure is nearby!
Menkaure is nearby!
Menkaure shouts!
Menkaure mumbles some strange words.
Menkaure seems to speed up.
Menkaure calls on the powers of darkness!
Your body is wracked with pain!
You see here 14 stones.
Menkaure points at you and mumbles some strange words.
Pain shoots through your body! Menkaure hits you. Menkaure barely misses you.
You barely miss Menkaure.
A centaur skeleton comes into view.
Menkaure completely misses you.
You barely miss Menkaure. Menkaure barely misses you.
You scratch Menkaure.
Menkaure is lightly damaged.
Menkaure barely misses you.
You scratch Menkaure.
Menkaure is lightly damaged.
Menkaure hits you!
* * * LOW HITPOINT WARNING * * *
You scratch Menkaure but do no damage.
Menkaure is lightly damaged.
Menkaure whispers drily.
Menkaure hits you!
* * * LOW HITPOINT WARNING * * *
Okay, then.
You feel better. Menkaure hits you.
* * * LOW HITPOINT WARNING * * *
Menkaure closely misses you.
It was a potion of might.
You feel very mighty all of a sudden.
The centaur skeleton hits you but does no damage.
The centaur skeleton kicks you.
* * * LOW HITPOINT WARNING * * *
Menkaure gestures at you while chanting.
Pain shoots through your body!
You die...
Your body crumbles into a pile of gold.

# # # # # ######## #
#......########### #
#................# # ###
#.........@M.....# #
..#####.......(..Z.....#
#######
......+.................
.......
#.#.###.................
#######
#.#.....................
#......
#.#.............####....
#.#####
#.#.......####### ####
#.# #.#.......#
#####'### ..#.......#
#.......###


You could see Menkaure (fast) and a centaur skeleton.

Vanquished Creatures
  Sigmund (D:4)
  A water moccasin (D:4)
  A black bear (D:4)
  A scorpion (D:3)
  A bullfrog skeleton (D:3)
  2 orc wizards (D:4)
  Robin (D:2)
  6 adders
  3 gnolls (D:4)
  2 adder skeletons (D:4)
  2 worms (D:3)
  3 dart slugs (D:1)
  7 orcs (D:4)
  4 bats
  7 endoplasms
  2 giant cockroaches (D:2)
  7 hobgoblins
  6 jackals
  4 ball pythons
  9 frilled lizards
  16 goblins
  9 kobolds
  10 rats
105 creatures vanquished.

Notes
Turn   | Place    | Note
-------+----------+-------------------------------------------
     0 | D:5      | robertstho the Troll Delver began the quest for the Orb.
     0 | D:5      | Reached XP level 1. HP: 22/22 MP: 0/0
   130 | D:4      | Found a shimmering blue altar of Sif Muna.
   130 | D:4      | Noticed an orc wizard
   158 | D:4      | Killed an orc wizard
   159 | D:4      | Reached XP level 2. HP: 8/29 MP: 1/1
   159 | D:4      | Reached XP level 3. HP: 9/36 MP: 2/2
   357 | D:1      | Reached skill level 1 in Armour
   552 | D:1      | Reached XP level 4. HP: 40/44 MP: 3/3
   877 | D:1      | Found a faded altar of an unknown god.
  1027 | D:2      | Noticed Robin
  1064 | D:2      | Killed Robin
  1089 | D:2      | Reached XP level 5. HP: 43/52 MP: 4/4
  1858 | D:3      | Reached skill level 3 in Unarmed Combat
  1912 | D:3      | Found a blossoming altar of Fedhas.
  2357 | D:4      | Noticed Sigmund
  2366 | D:3      | Reached XP level 6. HP: 49/61 MP: 5/5
  2419 | D:4      | Found an opulent altar of Gozag.
  2427 | D:4      | Became a worshipper of Gozag Ym Sagoz the Greedy
  2531 | D:4      | Killed Sigmund
  2554 | D:4      | Reached skill level 4 in Unarmed Combat
  2639 | D:4      | Noticed a water moccasin
  2647 | D:4      | Killed a water moccasin
  2648 | D:4      | Reached XP level 7. HP: 61/67 MP: 6/6
  2735 | D:4      | Identified the +4 dagger of Moral Flaws {freeze, Drain
                  | rPois Int+3}
  2767 | D:4      | Noticed Menkaure
  2779 | D:4      | Killed from afar by Menkaure

Illustrated notes

Levels and vault maps discovered:
D:1:      minmay_arrival_radiant_lines, layout_loops_cross,
          hellmonk_ecumenical_altar_crossroads, minmay_lizard_pond
D:2:      layout_basic, uniq_robin
D:3:      layout_basic, mainiacjoe_overflow_boulevard, grunt_ministairs_10
D:4:      layout_basic, doesnt_xom_only_xom, kennysheep_orc_sif_temple,
          grunt_gozag_breadcrumbs, uniq_sigmund, uniq_menkaure
D:5:      layout_basic, nicolae_vehumet_altar_sigil,
          minmay_temple_entry_offerings, gammafunk_ghost_arena

Skill      XL: |  1  2  3  4  5  6 |
---------------+-------------------+-----
Stealth        | 3 |  3.7
Armour         | 1 2 |  2.5
Unarmed Combat | 3 4 |  4.5
Fighting       | 3 |  3.5
Dodging        | 2 |  2.5

Action                   |  1- 3 |  4- 6 |  7- 9 || total
-------------------------+-------+-------+-------++-------
Melee: Unarmed           |    75 |   203 |    18 ||   296
       Punch             |     1 |     2 |     1 ||     4
  Use: Potion            |     1 |     1 |     2 ||     4
       Scroll            |       |     2 |       ||     2
 Stab: Sleeping          |     7 |    13 |     1 ||    21
       Distracted        |       |     1 |       ||     1
Armor: Robe              |    22 |    61 |     5 ||    88
Dodge: Dodged            |    23 |    91 |    16 ||   130

Table legend: (Time is in decaauts)
 A = Elapsed time spent in this place.
 B = Non-inter-level travel time spent in this place.
 C = Inter-level travel time spent in this place.
 D = Time resting spent in this place.
 E = Time spent auto-exploring this place.
 F = Levels seen in this place.
 G = Mean time per level.
                   A        B        C        D        E       F      G
               +--------+--------+--------+--------+--------+-----+--------+
         Total |   2754 |   2579 |    175 |     20 |   1834 |   5 |  550.8 |
       Dungeon |   2754 |   2579 |    175 |     20 |   1834 |   5 |  550.8 |
               +--------+--------+--------+--------+--------+-----+--------+

Top non-repeatable levels by time:
     D:2: 905 daAuts
     D:1: 658 daAuts
     D:3: 615 daAuts
     D:4: 551 daAuts
     D:5: 24 daAuts
